[Event "Team 45 45 League T98"]
[Site "Internet Chess Club"]
[Date "2023.12.14"]
[Round "5"]
[White "Denis240964"]
[Black "Fulmar"]
[Result "1/2-1/2"]
[WhiteElo "1275"]
[BlackElo "1224"]
[Opening "Queen's pawn"]
[ECO "A40"]
[Time "13:30:15"]
[PlyCount "116"]
[TimeControl "2700+45"]

1. d4 c6 2. c4 d6 3. Nc3 Qc7 4. Nf3 e5 5. e3 Be7 6. Be2 Nd7 7. O-O Ngf6 8. Qc2
O-O 9. b3 d5 10. dxe5 Nxe5 11. Nxe5 Qxe5 12. Bb2 Qc7 13. cxd5 cxd5 14. Rfd1 Be6
15. Rac1 Rac8 16. Qd2 Bb4 17. f3 Qa5 18. a3 Bxc3 19. Rxc3 Rxc3 20. Qxc3 Qxc3 21.
Bxc3 Nd7 22. b4 Rc8 23. Bd4 a6 24. Rd2 Rc6 25. Bd3 b5 26. Kf2 f5 27. Kg3 g5 28.
f4 h6 29. Rf2 g4 30. h3 h5 31. hxg4 hxg4 32. Rf1 Kf7 33. Rh1 Kg6 34. Rh8 Nf6 35.
Rf8 Nh5+ 36. Kh4 Rc1 37. Bxf5+ Bxf5 38. Rg8+ Kh6 39. Rh8+ Bh7 40. Rxh7+ Kxh7 41.
Kxh5 Rg1 42. Kxg4 Rxg2+ 43. Kf5 Ra2 44. Ke6 a5 45. Bc5 Rxa3 46. f5 axb4 47. f6
Ra6+ 48. Ke7 b3 49. f7 b2 50. f8=Q b1=Q 51. Qf7+ Kh6 52. Qf4+ Kh5 53. Qf3+ Kh6
54. Qh3+ Kg5 55. Qg3+ Kh5 56. Qh3+ Kg5 57. Qg3+ Kh5 58. Qh3+ Kg5 {Game drawn by
repetition} 1/2-1/2

[Event "Team 45 45 League T98"]
[Site "Internet Chess Club"]
[Date "2023.12.16"]
[Round "5"]
[White "Reykjaviking"]
[Black "Visin"]
[Result "0-1"]
[WhiteElo "1340"]
[BlackElo "1252"]
[Opening "Queen's pawn, Mason variation"]
[ECO "D00"]
[Time "14:00:32"]
[PlyCount "120"]
[TimeControl "2700+45"]

1. d4 d5 2. Bf4 Nf6 3. e3 e6 4. Bd3 Nc6 5. c3 h6 6. Nd2 Bd6 7. Bxd6 Qxd6 8. f4
Bd7 9. h3 Qe7 10. Ngf3 a6 11. a3 h5 12. Ne5 O-O-O 13. b4 Nxe5 14. fxe5 Ne8 15.
Qe2 Qh4+ 16. Kd1 Ba4+ 17. Bc2 Bxc2+ 18. Kxc2 c6 19. Nb3 Nc7 20. a4 f6 21. b5
fxe5 22. bxc6 bxc6 23. Nc5 Rhf8 24. Rhf1 Rf6 25. Nxa6 Nxa6 26. Qxa6+ Kd7 27.
Qb7+ Kd6 28. dxe5+ Kxe5 29. Qc7+ Rd6 30. Qxg7 Qe4+ 31. Kd2 Qg6 32. Qxg6 Rxg6 33.
Rf2 c5 34. a5 Rg8 35. a6 Ra8 36. g4 hxg4 37. hxg4 Rdxa6 38. Rxa6 Rxa6 39. g5
Ra2+ 40. Ke1 Rxf2 41. Kxf2 Kf5 42. Kf3 Kxg5 43. e4 Kf6 44. Ke3 Ke5 45. exd5 Kxd5
46. Kd3 c4+ 47. Ke3 e5 48. Kf3 Ke6 49. Ke4 Kd6 50. Kf3 Kd5 51. Ke3 Ke6 52. Ke4
Kf6 53. Kd5 Kf5 54. Kxc4 e4 55. Kb3 Kf4 56. Kc2 Kf3 57. Kd2 Kf2 58. c4 e3+ 59.
Kd3 e2 60. c5 e1=Q {White resigns} 0-1